 Dungeon Crawl Stone Soup version 0.31.0-32-g396128a36d (webtiles) character file.

Game seed: 11812814572973026948

413 Logoto the Chopper (level 6, -6/84 HPs)
             Began as a Hill Orc Berserker on Mar 26, 2024.
             Was a Priest of Trog.
             Mangled by a gnoll
             ... wielding the +5 woodcutter's axe
              (15 damage)
             ... on level 4 of the Dungeon.
             The game lasted 00:08:02 (2920 turns).

Logoto the Chopper (Hill Orc Berserker)             Turns: 2920, Time: 00:08:03

Health: -6/84      AC: 10    Str: 22    XL:     6   Next: 90%
Magic:  6/6        EV:  9    Int:  7    God:    Trog [***...]
Gold:   219        SH:  0    Dex: 10    Spells: 5/5 levels left

rFire   . . .        a - +0 hand axe
rCold   . . .        (no shield)
rNeg    . . .        d - +0 chain mail
rPois   .            (no helmet)
rElec   .            (no cloak)
rCorr   .            (no gloves)
SInv    .            f - +0 pair of boots
Will    .....        s - amulet of the acrobat Stlth
                     (no ring)
HPRegen 0.34/turn    (no ring)
MPRegen 0.10/turn

%: acrobat
@: berserking (expiring), very quick
A: no striking features
a: Renounce Religion, Berserk, Trog's Hand


You were on level 4 of the Dungeon.
You worshipped Trog.
Trog was most pleased with you.
You visited 1 branch of the dungeon, and saw 4 of its levels.

You collected 219 gold pieces.

Inventory:

Hand Weapons
 a - a +0 hand axe (weapon)
Missiles
 q - 19 poisoned darts (quivered)
 t - 2 curare-tipped darts
Armour
 d - a +0 chain mail (worn)
 f - a +0 pair of boots (worn)
Jewellery
 s - an amulet of the acrobat (around neck)
Wands
 b - a wand of flame (25)
 k - a wand of iceblast (7)
Scrolls
 c - 2 scrolls of blinking {unknown}
 e - a scroll of poison {unknown}
 i - 4 scrolls of fear {unknown}
 j - a scroll of brand weapon {unknown}
 m - 2 scrolls of enchant armour {unknown}
 n - 4 scrolls of immolation {unknown}
 o - a scroll of identify
Potions
 g - a potion of ambrosia
 h - 2 potions of lignification
 p - a potion of curing {unknown}
 r - a potion of enlightenment {unknown}


   Skills:
 + Level 5.2 Fighting
 + Level 7.6 Axes
 + Level 4.0 Armour
 + Level 2.0 Dodging


You had 5 spell levels left.
You didn't know any spells.
Your spell library was empty.

Dungeon Overview and Level Annotations

Branches:
Dungeon (4/15)
 Temple: D:4-7

Altars:
Vehumet

Shops:
D:1 [[*(


Message History

You kill the gnoll!
Trog accepts your kill. The gnoll sergeant closely misses you.
Your Armour skill increases to level 4!
You closely miss the gnoll. The gnoll hits you but does no damage.
You slash the gnoll!
The gnoll is severely wounded.
The gnoll sergeant hits you from afar with a +0 spear!
* * * LOW HITPOINT WARNING * * *
You closely miss the gnoll.
The gnoll is severely wounded.
The gnoll barely misses you.
You slash the gnoll!
You kill the gnoll!
Trog accepts your kill.
The gnoll sergeant hits you from afar with a +0 spear.
* * * LOW HITPOINT WARNING * * *
The gnoll bouda barks out a call to the hunt!
The gnoll sergeant picks up the pace!
The gnoll misses you.
There is an open door, spattered with blood here.
Items here: ))) †††.
You slash the gnoll bouda!
The gnoll bouda is moderately wounded.
You hit the gnoll.
The gnoll sergeant hits you from afar with a +0 spear!
* * * LOW HITPOINT WARNING * * *
You barely miss the gnoll bouda.
The gnoll bouda is moderately wounded.
You hit the gnoll but do no damage.
The gnoll bouda calls upon its god to heal the gnoll.
The gnoll's wounds heal themselves!
The gnoll barely misses you.
You slash the gnoll bouda!
The gnoll bouda is severely wounded.
You slash the gnoll!
The gnoll sergeant hits you but does no damage.
The gnoll bouda hits you with a +0 whip.
* * * LOW HITPOINT WARNING * * *
The gnoll hits you with the +5 woodcutter's axe!
You die...

#.#. #.#. #.##
#############...
###...).........##
#.'......########
#g#.....##
#)#....##
#######@#..###
.......gg.## )
.........)#♣♣....
.................
$.....<...#♣♣)g.♣
#######.### ..
.... #####


You could see a gnoll sergeant (swift), a gnoll bouda and a gnoll (swift).

Vanquished Creatures
  A kobold brigand (D:3)
  A hound (D:3)
  An orc wizard (D:3)
  14 gnolls
  3 adders
  4 ribbon worms
  2 dart slugs
  10 orcs (D:3)
  4 ball pythons
  11 endoplasms
  6 giant cockroaches
  5 goblins
  5 hobgoblins
  12 jackals
  6 kobolds
  2 quokkas
  8 bats
  2 frilled lizards (D:3)
  6 rats
103 creatures vanquished.

Notes
Turn   | Place    | Note
-------+----------+-------------------------------------------
     0 | D:1      | Logoto the Hill Orc Berserker began the quest for the Orb.
     0 | D:1      | Reached XP level 1. HP: 19/19 MP: 1/1
    11 | D:1      | You fall into a shaft and drop 1 floor!
   166 | D:1      | Reached XP level 2. HP: 15/27 MP: 2/2
   360 | D:1      | Found Xymmaevi's Antique Armour Emporium.
   737 | D:1      | Found Diomaiwk's General Store.
   845 | D:1      | Found Xadghato's Armour Boutique.
   863 | D:1      | Reached XP level 3. HP: 33/33 MP: 3/3
   890 | D:1      | Found a faded altar of an unknown god.
  1036 | D:1      | Found Yzesiowo's Weapon Shoppe.
  1372 | D:2      | Reached ** piety under Trog
  1483 | D:2      | Reached skill level 5 in Axes
  1614 | D:2      | Reached XP level 4. HP: 40/41 MP: 4/4
  1983 | D:3      | Reached XP level 5. HP: 28/47 MP: 5/5
  1989 | D:3      | Reached skill level 6 in Axes
  2379 | D:3      | Noticed a kobold brigand
  2396 | D:3      | Reached *** piety under Trog
  2398 | D:3      | Killed a kobold brigand
  2399 | D:3      | Reached skill level 5 in Fighting
  2399 | D:3      | Reached skill level 7 in Axes
  2399 | D:3      | Reached XP level 6. HP: 56/56 MP: 6/6
  2759 | D:3      | Found a radiant altar of Vehumet.
  2920 | D:4      | Mangled by a gnoll

Illustrated notes

Levels and vault maps discovered:
D:1:      dpeg_arrival_oval, layout_basic, serial_shops, shop_coins,
          nicolae_shop_behind_doors, shop, shop, ebering_ecumenical_altar_hall,
          minmay_tetromino_l4
D:2:      layout_basic, corexii_leaking_fountain
D:3:      layout_rooms, marbit_many_paths, grunt_ministairs_2,
          minmay_divided_ellipse
D:4:      layout_basic, grunt_temple_overflow_order_and_chaos_2,
          jmf_multi_god_temple2, enter_ossuary_1, kennysheep_cross_bottleneck,
          pf_guarded_unrand_woodcutter

Skill      XL: |  1  2  3  4  5  6 |
---------------+-------------------+-----
Fighting       | 4 5 |  5.2
Axes           | 5 7 |  7.6
Armour         | 3 4 |  4.0
Dodging        | 2 |  2.0

Action                     |  1- 3 |  4- 6 || total
---------------------------+-------+-------++-------
  Melee: Hand axe          |   131 |   221 ||   352
         Punch             |       |     2 ||     2
 Invoke: Berserk           |     1 |     6 ||     7
    Use: Scroll            |     1 |     2 ||     3
         Potion            |       |     1 ||     1
 Armour: Animal skin       |     8 |       ||     8
         Chain mail        |   107 |   193 ||   300
  Dodge: Dodged            |    69 |    93 ||   162
